 Dungeon Crawl Stone Soup version 0.31-a0-997-g9a2f3ffc92 (webtiles) character file.

Game seed: 14355075506812342577

80 Dirtsage the Slasher (level 4, -1/38 HPs)
             Began as a Minotaur Gladiator on Nov 7, 2023.
             Slain by an orc wizard
             ... wielding a +0 dagger
              (2 damage)
             ... on level 3 of the Dungeon.
             The game lasted 00:02:09 (2026 turns).

Dirtsage the Slasher (Minotaur Gladiator)           Turns: 2026, Time: 00:02:10

Health: -1/38      AC:  4    Str: 19    XL:     4   Next: 18%
Magic:  3/3        EV: 13    Int:  5    God:
Gold:   162        SH:  0    Dex: 13    Spells: 3/3 levels left

rFire   . . .        a - +0 long sword
rCold   . . .        (no shield)
rNeg    . . .        b - +0 leather armour
rPois   .            c - +0 hat
rElec   .            (no cloak)
rCorr   .            m - +0 pair of gloves
SInv    .            (no boots)
Will    .....        u - amulet of faith
Stlth   +            (no ring)
HPRegen 0.26/turn    (no ring)
MPRegen 0.08/turn

%: faith
@: no status effects
A: horns 2, retaliatory headbutt
a: no special abilities


You were on level 3 of the Dungeon.
You visited 1 branch of the dungeon, and saw 4 of its levels.

You collected 162 gold pieces.

Inventory:

Hand Weapons
 a - a +0 long sword (weapon)
 r - a +0 quick blade
Missiles
 d - 3 throwing nets (quivered)
 e - a javelin
Armour
 b - a +0 leather armour (worn)
 c - a +0 hat (worn)
 m - a +0 pair of gloves (worn)
Jewellery
 s - a ring of fire
 u - an amulet of faith (around neck)
Wands
 t - a wand of quicksilver (4)
Scrolls
 g - a scroll of silence {unknown}
 h - a scroll of fear {unknown}
 j - a scroll of fog {unknown}
 k - a scroll of poison {unknown}
 n - a scroll of immolation {unknown}
 o - a scroll of teleportation {unknown}
 p - 3 scrolls of identify {unknown}
 q - a scroll of butterflies {unknown}
Potions
 f - 2 potions of ambrosia {unknown}
 i - 2 potions of attraction {unknown}
 l - a potion of might {unknown}


   Skills:
 + Level 3.2 Fighting
 * Level 4.7 Long Blades
 + Level 2.6 Throwing
 + Level 3.8 Dodging


You had 3 spell levels left.
You didn't know any spells.
Your spell library contained the following spells:

 Spells                   Type           Power      Damage    Failure   Level
 Sandblast                Erth           0%         2d4       54%         1
 Passwall                 Tmut/Erth      0%         N/A       67%         2
 Stone Arrow              Conj/Erth      0%         3d7       88%         3
 Summon Guardian Golem    Hex/Summ       0%         N/A       88%         3
 Brom's Barrelling Bould  Conj/Erth      0%         2d3       99%         4
 Orb of Destruction       Conj           0%         9d5       100%        7
 Spellforged Servitor     Conj/Summ      0%         N/A       100%        7


Dungeon Overview and Level Annotations

Branches:
Dungeon (4/15)
 Temple: D:4-7

Altars:

Annotations:
D:4 Edmund


Innate Abilities, Weirdness & Mutations

You have a pair of horns on your head.
You reflexively headbutt those who attack you in melee.


Message History

No target in view!
No target in view!
No target in view!
You barely miss something. Your headbutt misses something.
You hear some strange, mumbled words.
A puff of flame appears from out of thin air!
The puff of flame hits you!
You take 13 damage, and have 25/38 hp.
MASSIVE DAMAGE!!
You barely miss something.
You hear some strange, mumbled words.
Something tries to affect you, but you resist.
You barely miss something. Something hits you. x2
You take 3 damage, and have 23/38 hp.
You barely miss something. Your headbutt misses something.
Something hits you but does no damage.
You miss something. Your headbutt misses something.
Something hits you but does no damage.
You miss something. Something hits you.
You take 2 damage, and have 22/38 hp.
You barely miss something. Something hits you.
You take 2 damage, and have 20/38 hp.
You closely miss something. Something hits you.
You take 1 damage, and have 19/38 hp.
You hit something. Something hits you but does no damage. Something hits you.
You take 3 damage, and have 16/38 hp.
You barely miss something. Something hits you.
You take 1 damage, and have 15/38 hp.
You miss something. Something hits you.
You take 1 damage, and have 14/38 hp.
You closely miss something. Your headbutt misses something. Something hits you.
* * * LOW HITPOINT WARNING * * *
You take 3 damage, and have 11/38 hp.
You closely miss something.
You hear some strange, mumbled words.
A puff of flame appears from out of thin air!
The puff of flame hits you!
* * * LOW HITPOINT WARNING * * *
You take 10 damage, and have 1/38 hp.
MASSIVE DAMAGE!!
You hit something. Something hits you.
You die...

#.###.......##....
#######.###.......####.#
..........#.......# #.#
..........# #.#
..........#.......# #.#
..........#....... #.#
.......)..#...... #.#
#{# #..... #.# #@#
#..... #.#
#######.###.... #.#
.............# #.#
.............# #.#
.............#########.#
#######..<.............#
######)##########....
#...........##.......
#.....)..............


There were no monsters in sight!

Vanquished Creatures
  3 adders
  A worm (D:2)
  A dart slug (D:3)
  3 orcs (D:3)
  2 bats
  5 endoplasms
  A giant cockroach (D:3)
  4 goblins
  3 hobgoblins
  2 quokkas (D:1)
  4 ball pythons
  3 frilled lizards
  7 kobolds
  4 rats
43 creatures vanquished.

Notes
Turn   | Place    | Note
-------+----------+-------------------------------------------
     0 | D:1      | Dirtsage the Minotaur Gladiator began the quest for the
                  | Orb.
     0 | D:1      | Reached XP level 1. HP: 18/18 MP: 0/0
   432 | D:1      | Reached XP level 2. HP: 25/25 MP: 1/1
   497 | D:1      | Reached skill level 4 in Long Blades
   913 | D:2      | Reached XP level 3. HP: 26/30 MP: 2/2
  1109 | D:2      | You fall into a shaft and drop 2 floors!
  1115 | D:4      | Noticed Edmund
  1839 | D:3      | Reached XP level 4. HP: 32/38 MP: 3/3
  2025 | D:3      | HP: 1/38 [something/puff of flame (10)]
  2026 | D:3      | Slain by an orc wizard

Illustrated notes

Levels and vault maps discovered:
D:1:      dpeg_arrival_tiny_i, layout_basic
D:2:      layout_basic, serial_forest, infiniplex_forest_lined_2,
          infiniplex_forest_straight_3, infiniplex_forest_lined_2,
          infiniplex_forest_diagonal, infiniplex_forest_side_room,
          infiniplex_forest_straight_2, st_stairs_1, nicolae_underground_beach
D:3:      layout_basic, feat_on_display
D:4:      layout_rooms, mainiacjoe_overflow_divided_tiny,
          minmay_gold_behind_fungi, uniq_edmund, uniq_duvessa

Skill      XL: |  1  2  3 |
---------------+----------+-----
Long Blades    | 4 |  4.7
Fighting       | 3 |  3.2
Throwing       | |  2.6
Dodging        | |  3.8

Action                     |  1- 3 |  4- 6 || total
---------------------------+-------+-------++-------
  Melee: Long sword        |    71 |    27 ||    98
         Headbutt          |    13 |       ||    13
         Punch             |       |     1 ||     1
 Armour: Leather armour    |    28 |    21 ||    49
  Dodge: Dodged            |    42 |     7 ||    49

Table legend: (Time is in decaauts)
 A = Elapsed time spent in this place.
 B = Non-inter-level travel time spent in this place.
 C = Inter-level travel time spent in this place.
 D = Time resting spent in this place.
 E = Time spent auto-exploring this place.
 F = Levels seen in this place.
 G = Mean time per level.
                   A        B        C        D        E       F      G
               +--------+--------+--------+--------+--------+-----+--------+
         Total |   2042 |   2002 |     40 |      0 |   1731 |   4 |  510.5 |
       Dungeon |   2042 |   2002 |     40 |      0 |   1731 |   4 |  510.5 |
               +--------+--------+--------+--------+--------+-----+--------+

Top non-repeatable levels by time:
     D:1: 752 daAuts
     D:2: 720 daAuts
     D:3: 560 daAuts
     D:4: 8 daAuts
